DETROIT Red Wings vs TORONTO Maple Leafs (R4)

Created - 6 décembre 2018 at 16:25

Goals
1 2 3 T
DETROIT Red Wings 1 0 2 3
TORONTO Maple Leafs 2 3 0 5
Shots
1 2 3 T
DETROIT Red Wings 6 9 17 32
TORONTO Maple Leafs 11 11 12 34

1st period

1. TORONTO Maple Leafs , Nikolaj Ehlers 9 (Jason Zucker 7, Kyle Turris 11) at 7:25
2. TORONTO Maple Leafs , Jason Zucker 7 (Nikolaj Ehlers 12, Kris Letang 19) at 7:57
3. DETROIT Red Wings , Lars Eller 4 (Erik Karlsson 17, Zach Hyman 2) at 13:36

Penalties :
Jason Zucker (TOR) for Interference (Minor) at 2:56, Carl Gunnarsson (DET) for Holding (Minor) at 8:06, Erik Karlsson (DET) for Hooking (Minor) at 17:19, Ryan O'Reilly (DET) for Interference (Minor) at 17:26

2nd period

4. TORONTO Maple Leafs , Nikolaj Ehlers 10 (Kyle Turris 12, Ben Chiarot 12) at 4:53 (PP)
5. TORONTO Maple Leafs , Timo Meier 5 (Jussi Jokinen 8, Austin Watson 6) at 8:00
6. TORONTO Maple Leafs , Jason Zucker 8 (Patrik Nemeth 12) at 12:25

Penalties :
Evgeny Kuznetsov (DET) for Hooking (Minor) at 3:21, Aaron Dell (DET) for Delaying the game (Minor) at 13:40 - Lars Eller served the penalty., Patrik Nemeth (TOR) for Hooking (Minor) at 18:39

3rd period

7. DETROIT Red Wings , Erik Karlsson 8 (Sidney Crosby 19, Alexander Wennberg 14) at 0:22 (PP)
8. DETROIT Red Wings , Alexander Wennberg 4 (Erik Karlsson 18, Sidney Crosby 20) at 10:14

Penalties :
Jeff Petry (DET) for Holding (Minor) at 5:41, T.J. Oshie (DET) for Goalie Interference (Minor) at 7:52, Austin Watson (TOR) for High sticking (Minor) at 12:36

Goalie Stats

Aaron Dell (DET), 17 saves from 17 shots - (1,000), 27:35 minutes
Carey Price (DET), 12 saves from 17 shots - (0,706), L, 14-10-2, 32:25 minutes
Roberto Luongo (TOR), 29 saves from 32 shots - (0,906), W, 12-11-4, 60:00 minutes

Players Stats for DETROIT Red Wings

Player Name              G  A  P  +/- PIM S  H  SB GA TA FO     MP     PP MP  PK MP  
------------------------------------------------------------------------------------
Alexander Wennberg       1  1  2   0  0   2  0  0  0  0  2/4    20:21   3:09   0:00 
Brian Gibbons            0  0  0   0  0   2  0  0  0  0  0/1     4:13   0:00   0:00 
Cam Fowler               0  0  0   2  0   0  1  2  0  0  0/0    25:19   2:10   4:38 
Carl Gunnarsson          0  0  0  -2  2   0  0  0  0  0  0/0    14:41   0:00   4:49 
Derek MacKenzie          0  0  0   0  0   0  0  0  0  0  2/8     8:05   0:00   3:52 
Erik Karlsson            1  2  3   2  2   4  0  1  0  0  0/0    23:11   2:10   1:42 
Evander Kane             0  0  0  -2  0   3  3  1  0  0  0/0    16:02   2:32   0:00 
Evgeny Kuznetsov         0  0  0  -2  2   4  2  0  0  0  8/17   17:47   2:32   1:46 
Jan Rutta                0  0  0  -2  0   0  0  1  0  0  0/0    15:55   0:00   6:02 
Jeff Petry               0  0  0  -2  2   5  3  4  0  0  0/0    22:42   3:31   4:51 
Lars Eller               1  0  1   0  0   2  0  0  0  0  7/11   11:25   0:00   3:35 
Micheal Ferland          0  0  0   0  0   0  3  0  0  0  1/2     7:50   0:00   0:00 
Pierre-Edouard Bellemare 0  0  0   0  0   0  0  0  0  0  0/0     4:13   0:00   0:00 
Ryan O'Reilly            0  0  0  -2  2   4  0  1  0  0  8/15   22:06   2:32   6:04 
Shayne Gostisbehere      0  0  0  -2  0   0  1  0  0  0  0/0    18:09   3:31   1:06 
Sidney Crosby            0  2  2   0  0   2  2  0  0  0  15/25  20:21   3:09   0:00 
T.J. Oshie               0  0  0   0  2   4  3  0  0  0  0/0    20:20   3:09   0:00 
Zach Hyman               0  1  1   0  0   0  3  0  0  0  0/0    13:48   0:00   5:58 

Players Stats for TORONTO Maple Leafs

Player Name              G  A  P  +/- PIM S  H  SB GA TA FO     MP     PP MP  PK MP  
------------------------------------------------------------------------------------
Andrej Sekera            0  0  0  -1  0   4  0  1  0  0  0/0    20:30   0:00   3:01 
Austin Watson            0  1  1   1  2   2  1  0  0  0  2/7    14:26   5:25   1:42 
Ben Chiarot              0  1  1   1  0   0  3  0  0  0  0/0    19:02   6:25   2:18 
Brett Ritchie            0  0  0  -1  0   1  1  0  0  0  0/0     6:07   0:00   0:00 
Colin Wilson             0  0  0  -1  0   2  0  0  0  0  1/1    19:42   6:09   0:00 
Corey Perry              0  0  0  -1  0   0  4  1  0  0  0/1    19:42   6:09   0:00 
Jason Zucker             2  1  3   3  2   4  2  0  0  0  0/0    15:44   0:00   0:00 
Julius Honka             0  0  0   1  0   1  1  0  0  0  0/0    14:31   4:12   0:00 
Jussi Jokinen            0  1  1   1  0   0  0  0  0  0  4/5     8:29   0:00   1:09 
Kris Letang              0  1  1  -1  0   2  5  1  0  0  0/0    25:39   5:09   3:01 
Kyle Turris              0  2  2   3  0   4  0  0  0  0  15/31  22:47   5:25   1:37 
Mark Jankowski           0  0  0  -1  0   2  0  0  0  0  6/10    6:07   0:00   0:00 
Nick Leddy               0  0  0   2  0   2  2  3  0  0  0/0    24:24   6:47   2:40 
Nikolaj Ehlers           2  1  3   3  0   5  1  0  0  0  0/1    24:35   5:25   3:25 
Patrik Nemeth            0  1  1   2  2   0  1  2  0  0  0/0    15:53   0:35   0:22 
Stefan Noesen            0  0  0  -1  0   1  1  0  0  0  0/0     7:42   0:00   1:35 
Timo Meier               1  0  1   1  0   1  0  0  0  0  1/7     9:14   0:00   1:54 
Tyler Bozak              0  0  0  -1  0   3  0  0  0  0  11/20  19:42   6:09   0:00 

3 Stars

1 - Nikolaj Ehlers (TOR)
2 - Jason Zucker (TOR)
3 - Kyle Turris (TOR)

Power Play

DETROIT Red Wings - 1 on 3 Attempt(s) - 33,33%
TORONTO Maple Leafs - 1 on 7 Attempt(s) - 14,29%

Penalty Kill

DETROIT Red Wings - 6 on 7 Attempt(s) - 85,71% - Score 0 goal in Penalty Kill
TORONTO Maple Leafs - 2 on 3 Attempt(s) - 66,67% - Score 0 goal in Penalty Kill

Team Stat

DETROIT Red Wings - Hits : 21 - Faceoff Wins : 43 - Blocked Shots : 10 - Penalty Minutes : 14
TORONTO Maple Leafs - Hits : 22 - Faceoff Wins : 40 - Blocked Shots : 8 - Penalty Minutes : 6

Official

Referees : Unknown
Linesman : Unknown

Game Notes

Aaron Dell enters game at 12:25 of 2nd period

Finance

Level 1 -- Attendance: 6447 (92,10%) -- Ticket Income 612 465 $
Level 2 -- Attendance: 3905 (65,08%) -- Ticket Income 234 300 $
Level 3 -- Attendance: 1643 (54,77%) -- Ticket Income 65 720 $
Level 4 -- Attendance: 4181 (69,68%) -- Ticket Income 83 620 $
Luxury Box -- Attendance: 730 (73,00%) -- Ticket Income 164 250 $
Game was played at the Air Canada Centre.
Total Attendance: 16906 (73,50%)
Total Ticket Income: 1 160 355 $
Other Income: 452 538 $
Total Income: 1 612 893 $

DETROIT Red Wings

5 vs 5 Forward 
   Center                   Left Wing                Right Wing               Time % Phy DF OF 
 1 Sidney Crosby            Alexander Wennberg       T.J. Oshie               40     1   1  3  
 2 Evgeny Kuznetsov         Evander Kane             Ryan O'Reilly            30     1   1  3  
 3 Lars Eller               Micheal Ferland          Zach Hyman               20     1   2  2  
 4 Derek MacKenzie          Pierre-Edouard Bellemare Brian Gibbons            10     1   2  2  

5 vs 5 Defense 
   Defense                  Defense                                           Time % Phy DF OF 
 1 Erik Karlsson            Cam Fowler                                        40     1   1  3  
 2 Jeff Petry               Shayne Gostisbehere                               30     1   1  3  
 3 Jan Rutta                Carl Gunnarsson                                   20     1   2  2  
 4 Erik Karlsson            Jeff Petry                                        10     1   2  2  

PowerPlay Forward 
   Center                   Left Wing                Right Wing               Time % Phy DF OF 
 1 Sidney Crosby            Alexander Wennberg       T.J. Oshie               60     0   1  4  
 2 Evgeny Kuznetsov         Evander Kane             Ryan O'Reilly            40     0   1  4  

PowerPlay Defense
   Defense                  Defense                                           Time % Phy DF OF 
 1 Erik Karlsson            Cam Fowler                                        60     0   1  4  
 2 Jeff Petry               Shayne Gostisbehere                               40     0   1  4  

Penalty Kill 4 Players Forward 
   Center                   Wing                     Time % Phy DF OF 
 1 Ryan O'Reilly            Zach Hyman               60     1   3  1  
 2 Derek MacKenzie          Lars Eller               40     1   3  1  

Penalty Kill 4 Players Defense
   Defense                  Defense                  Time % Phy DF OF 
 1 Jan Rutta                Carl Gunnarsson          60     1   3  1  
 2 Jeff Petry               Cam Fowler               40     1   3  1  

Penalty Kill - 3 Players Forward 
   Forward                                           Time % Phy DF OF 
 1 Ryan O'Reilly                                     60     1   4  0  
 2 Lars Eller                                        40     1   4  0  

Penalty Kill - 3 Players Defense
   Defense                  Defense                  Time % Phy DF OF 
 1 Jan Rutta                Carl Gunnarsson          60     1   4  0  
 2 Jeff Petry               Cam Fowler               40     1   4  0  

4 vs 4 Forward 
   Center                   Wing                     Time % Phy DF OF 
 1 Sidney Crosby            T.J. Oshie               60     1   1  3  
 2 Evgeny Kuznetsov         Ryan O'Reilly            40     1   1  3  

4 vs 4 Defense
   Defense                  Defense                  Time % Phy DF OF 
 1 Erik Karlsson            Carl Gunnarsson          60     1   2  2  
 2 Jeff Petry               Shayne Gostisbehere      40     1   2  2  

Last Minutes Offensive
   Center                   Left Wing                Right Wing               Defense                  Defense                  
   Sidney Crosby            Evgeny Kuznetsov         T.J. Oshie               Erik Karlsson            Cam Fowler               

Last Minutes Defensive
   Center                   Left Wing                Right Wing               Defense                  Defense                  
   Ryan O'Reilly            Lars Eller               Zach Hyman               Erik Karlsson            Cam Fowler               

Goaltenders
Starting : Carey Price              
Backup : Aaron Dell               

Extra Forwards
Normal : Micheal Ferland, Evander Kane, Lars Eller - PP : Micheal Ferland, Evander Kane - PK : Lars Eller
Extra Defensemen
Normal : Jeff Petry, Shayne Gostisbehere, Erik Karlsson - PP : Erik Karlsson - PK : Jeff Petry, Erik Karlsson
Penalty Shots
Sidney Crosby, Lars Eller, T.J. Oshie, Evander Kane, Evgeny Kuznetsov

TORONTO Maple Leafs

5 vs 5 Forward 
   Center                   Left Wing                Right Wing               Time % Phy DF OF 
 1 Kyle Turris              Jason Zucker             Nikolaj Ehlers           40     0   1  4  
 2 Tyler Bozak              Colin Wilson             Corey Perry              30     0   1  4  
 3 Jussi Jokinen            Austin Watson            Timo Meier               20     1   2  2  
 4 Mark Jankowski           Stefan Noesen            Brett Ritchie            10     1   2  2  

5 vs 5 Defense 
   Defense                  Defense                                           Time % Phy DF OF 
 1 Kris Letang              Andrej Sekera                                     40     0   2  3  
 2 Nick Leddy               Patrik Nemeth                                     35     2   2  1  
 3 Ben Chiarot              Julius Honka                                      20     1   4  0  
 4 Nick Leddy               Kris Letang                                       5      0   1  4  

PowerPlay Forward 
   Center                   Left Wing                Right Wing               Time % Phy DF OF 
 1 Kyle Turris              Austin Watson            Nikolaj Ehlers           60     0   1  4  
 2 Tyler Bozak              Colin Wilson             Corey Perry              40     0   1  4  

PowerPlay Defense
   Defense                  Defense                                           Time % Phy DF OF 
 1 Nick Leddy               Ben Chiarot                                       75     1   2  2  
 2 Kris Letang              Julius Honka                                      25     1   2  2  

Penalty Kill 4 Players Forward 
   Center                   Wing                     Time % Phy DF OF 
 1 Austin Watson            Nikolaj Ehlers           60     1   3  1  
 2 Kyle Turris              Stefan Noesen            40     1   3  1  

Penalty Kill 4 Players Defense
   Defense                  Defense                  Time % Phy DF OF 
 1 Kris Letang              Andrej Sekera            60     1   4  0  
 2 Nick Leddy               Ben Chiarot              40     1   4  0  

Penalty Kill - 3 Players Forward 
   Forward                                           Time % Phy DF OF 
 1 Austin Watson                                     60     1   4  0  
 2 Kyle Turris                                       40     1   4  0  

Penalty Kill - 3 Players Defense
   Defense                  Defense                  Time % Phy DF OF 
 1 Kris Letang              Patrik Nemeth            60     1   4  0  
 2 Nick Leddy               Ben Chiarot              40     1   4  0  

4 vs 4 Forward 
   Center                   Wing                     Time % Phy DF OF 
 1 Kyle Turris              Austin Watson            60     1   2  2  
 2 Tyler Bozak              Nikolaj Ehlers           40     1   2  2  

4 vs 4 Defense
   Defense                  Defense                  Time % Phy DF OF 
 1 Andrej Sekera            Kris Letang              60     0   2  3  
 2 Nick Leddy               Ben Chiarot              40     1   2  2  

Last Minutes Offensive
   Center                   Left Wing                Right Wing               Defense                  Defense                  
   Kyle Turris              Jason Zucker             Nikolaj Ehlers           Kris Letang              Nick Leddy               

Last Minutes Defensive
   Center                   Left Wing                Right Wing               Defense                  Defense                  
   Austin Watson            Jason Zucker             Stefan Noesen            Kris Letang              Andrej Sekera            

Goaltenders
Starting : Roberto Luongo           
Backup : Adin Hill                

Extra Forwards
Normal : Colin Wilson, Kyle Turris, Timo Meier - PP : Colin Wilson, Kyle Turris - PK : Timo Meier
Extra Defensemen
Normal : Nick Leddy, Ben Chiarot, Kris Letang - PP : Kris Letang - PK : Kris Letang, Nick Leddy
Penalty Shots
Colin Wilson, Nikolaj Ehlers, Kyle Turris, Timo Meier, Austin Watson


% Time on Ice - DETROIT Red Wings

Lines # - Real PCT - Wanted PCT - Time Play
Normal Forward
1 - 40% - 40% - 17:12
2 - 32% - 30% - 13:30
3 - 18% - 20% - 7:50
4 - 10% - 10% - 4:13
Normal Defense
1 - 43% - 40% - 18:31
2 - 32% - 30% - 13:29
3 - 23% - 20% - 9:53
4 - 2% - 10% - 0:52
PP Forward
1 - 55% - 60% - 3:09
2 - 45% - 40% - 2:32
PP Defense
1 - 38% - 60% - 2:10
2 - 62% - 40% - 3:31
PK Forward
1 - 71% - 60% - 6:56
2 - 29% - 40% - 2:46
PK Defense
1 - 57% - 60% - 5:34
2 - 43% - 40% - 4:08
PK3 Forward
1 - 100% - 60% - 1:52
2 - 0% - 40% - 0:00
PK3 Defense
1 - 54% - 60% - 1:00
2 - 46% - 40% - 0:52
44 Forward
1 - 0% - 60%
2 - 0% - 40%
44 Defense
1 - 0% - 60%
2 - 0% - 40%
Last Minute Offensive  - 0:00
Last Minute Defensive  - 0:00
Total
Forward - 60:00
Defense - 60:00

% Time on Ice - TORONTO Maple Leafs

Lines # - Real PCT - Wanted PCT - Time Play
Normal Forward
1 - 37% - 40% - 15:45
2 - 32% - 30% - 13:33
3 - 17% - 20% - 7:20
4 - 14% - 10% - 6:07
Normal Defense
1 - 41% - 40% - 17:29
2 - 35% - 35% - 14:57
3 - 24% - 20% - 10:19
4 - 0% - 5% - 0:00
PP Forward
1 - 47% - 60% - 5:25
2 - 53% - 40% - 6:09
PP Defense
1 - 64% - 75% - 7:22
2 - 36% - 25% - 4:12
PK Forward
1 - 76% - 60% - 4:20
2 - 24% - 40% - 1:21
PK Defense
1 - 53% - 60% - 3:01
2 - 47% - 40% - 2:40
PK3 Forward
1 - 0% - 60%
2 - 0% - 40%
PK3 Defense
1 - 0% - 60%
2 - 0% - 40%
44 Forward
1 - 0% - 60%
2 - 0% - 40%
44 Defense
1 - 0% - 60%
2 - 0% - 40%
Last Minute Offensive  - 0:00
Last Minute Defensive  - 0:00
Total
Forward - 60:00
Defense - 60:00

Play by Play

1st period


0:01 of 1st period - Kyle Turris wins face-off versus Sidney Crosby in neutral zone.
0:05 of 1st period - Kris Letang is hit by Sidney Crosby and loses puck.
0:22 of 1st period - Shot by T.J. Oshie.
0:22 of 1st period - Stopped by Roberto Luongo without a rebound.
0:23 of 1st period - Evgeny Kuznetsov wins face-off versus Tyler Bozak in TORONTO Maple Leafs zone.
0:44 of 1st period - Shot by Colin Wilson.
0:44 of 1st period - Stopped by Carey Price without a rebound.
0:45 of 1st period - Jussi Jokinen wins face-off versus Lars Eller in DETROIT Red Wings zone.
1:00 of 1st period - Shot by Ben Chiarot.
1:00 of 1st period - Shot Hit the Post.
2:13 of 1st period - Icing by T.J. Oshie.
2:14 of 1st period - Sidney Crosby wins face-off versus Kyle Turris in DETROIT Red Wings zone.
2:29 of 1st period - Shot by Andrej Sekera.
2:29 of 1st period - Shot Blocked by Erik Karlsson.
2:37 of 1st period - Shot by Kyle Turris.
2:37 of 1st period - Stopped by Carey Price with a rebound.
2:39 of 1st period - Shot by Kyle Turris.
2:39 of 1st period - Shot Misses the Net.
2:46 of 1st period - Erik Karlsson is hit by Kris Letang and loses puck.
2:56 of 1st period - Minor Penalty to Jason Zucker for Interference.
2:57 of 1st period - Kyle Turris wins face-off versus Evgeny Kuznetsov in TORONTO Maple Leafs zone.
3:08 of 1st period - Nikolaj Ehlers is hit by Evgeny Kuznetsov and loses puck.
3:24 of 1st period - Off-side.
3:25 of 1st period - Evgeny Kuznetsov wins face-off versus Austin Watson in neutral zone.
3:48 of 1st period - Austin Watson is hit by Evgeny Kuznetsov and loses puck.
5:11 of 1st period - Shot by Brian Gibbons.
5:11 of 1st period - Stopped by Roberto Luongo without a rebound.
5:12 of 1st period - Lars Eller wins face-off versus Tyler Bozak in TORONTO Maple Leafs zone.
6:53 of 1st period - Icing by Cam Fowler.
6:54 of 1st period - Sidney Crosby wins face-off versus Jussi Jokinen in DETROIT Red Wings zone.
7:15 of 1st period - Shot by Timo Meier.
7:15 of 1st period - Shot Misses the Net.
7:17 of 1st period - Shot by Austin Watson.
7:17 of 1st period - Stopped by Carey Price without a rebound.
7:18 of 1st period - Kyle Turris wins face-off versus Evgeny Kuznetsov in DETROIT Red Wings zone.
7:25 of 1st period - Shot by Nikolaj Ehlers.
7:25 of 1st period - Goal by Nikolaj Ehlers - DETROIT Red Wings : 0 - TORONTO Maple Leafs : 1.
7:26 of 1st period - Kyle Turris wins face-off versus Ryan O'Reilly in neutral zone.
7:45 of 1st period - Shot by Kyle Turris.
7:45 of 1st period - Stopped by Carey Price with a rebound.
7:55 of 1st period - Shot by Nikolaj Ehlers.
7:55 of 1st period - Shot Misses the Net.
7:57 of 1st period - Shot by Jason Zucker.
7:57 of 1st period - Goal by Jason Zucker - DETROIT Red Wings : 0 - TORONTO Maple Leafs : 2.
7:58 of 1st period - Tyler Bozak wins face-off versus Brian Gibbons in neutral zone.
8:06 of 1st period - Minor Penalty to Carl Gunnarsson for Holding.
8:07 of 1st period - Ryan O'Reilly wins face-off versus Tyler Bozak in DETROIT Red Wings zone.
8:16 of 1st period - Zach Hyman is hit by Corey Perry and loses puck.
8:49 of 1st period - Shot by Tyler Bozak.
8:49 of 1st period - Shot Blocked by Jeff Petry.
9:05 of 1st period - Erik Karlsson is hit by Austin Watson and loses puck.
10:08 of 1st period - Icing by Corey Perry.
10:09 of 1st period - Mark Jankowski wins face-off versus Sidney Crosby in TORONTO Maple Leafs zone.
10:14 of 1st period - Shot by Stefan Noesen.
10:14 of 1st period - Stopped by Carey Price without a rebound.
10:15 of 1st period - Mark Jankowski wins face-off versus Sidney Crosby in DETROIT Red Wings zone.
10:36 of 1st period - Shot by Sidney Crosby.
10:36 of 1st period - Shot Misses the Net.
10:48 of 1st period - Shot by Mark Jankowski.
10:48 of 1st period - Stopped by Carey Price without a rebound.
10:49 of 1st period - Evgeny Kuznetsov wins face-off versus Kyle Turris in DETROIT Red Wings zone.
10:49 of 1st period - Evgeny Kuznetsov is hit by Jason Zucker.
12:12 of 1st period - Tyler Bozak is hit by T.J. Oshie and loses puck.
12:17 of 1st period - Shot by T.J. Oshie.
12:17 of 1st period - Shot Misses the Net.
12:19 of 1st period - Shot by T.J. Oshie.
12:19 of 1st period - Shot Misses the Net.
12:21 of 1st period - Shot by Jan Rutta.
12:21 of 1st period - Shot Misses the Net.
12:49 of 1st period - Shot by Brian Gibbons.
12:49 of 1st period - Shot Blocked by Nick Leddy.
12:51 of 1st period - Shot by Jeff Petry.
12:51 of 1st period - Shot Blocked by Patrik Nemeth.
12:54 of 1st period - Derek MacKenzie is hit by Patrik Nemeth.
13:36 of 1st period - Shot by Lars Eller.
13:36 of 1st period - Goal by Lars Eller - DETROIT Red Wings : 1 - TORONTO Maple Leafs : 2.
13:37 of 1st period - Evgeny Kuznetsov wins face-off versus Mark Jankowski in neutral zone.
13:48 of 1st period - Shot by Ryan O'Reilly.
13:48 of 1st period - Stopped by Roberto Luongo without a rebound.
13:49 of 1st period - Sidney Crosby wins face-off versus Kyle Turris in TORONTO Maple Leafs zone.
13:59 of 1st period - Sidney Crosby is hit by Julius Honka and loses puck.
14:05 of 1st period - Alexander Wennberg is hit by Ben Chiarot and loses puck.
14:18 of 1st period - Shot by Sidney Crosby.
14:18 of 1st period - Stopped by Roberto Luongo without a rebound.
14:19 of 1st period - Tyler Bozak wins face-off versus Evgeny Kuznetsov in TORONTO Maple Leafs zone.
14:38 of 1st period - Shot by Evgeny Kuznetsov.
14:38 of 1st period - Stopped by Roberto Luongo without a rebound.
14:39 of 1st period - Lars Eller wins face-off versus Kyle Turris in TORONTO Maple Leafs zone.
15:32 of 1st period - Icing by Andrej Sekera.
15:33 of 1st period - Kyle Turris wins face-off versus Evgeny Kuznetsov in TORONTO Maple Leafs zone.
16:07 of 1st period - Shot by Corey Perry.
16:07 of 1st period - Deflect By Tyler Bozak.
16:07 of 1st period - Shot Blocked by Jeff Petry.
16:09 of 1st period - Shot by Patrik Nemeth.
16:09 of 1st period - Shot Blocked by Jeff Petry.
16:11 of 1st period - Shot by Colin Wilson.
16:11 of 1st period - Shot Misses the Net.
17:19 of 1st period - Minor Penalty to Erik Karlsson for Hooking.
17:20 of 1st period - Ryan O'Reilly wins face-off versus Kyle Turris in DETROIT Red Wings zone.
17:26 of 1st period - Minor Penalty to Ryan O'Reilly for Interference.
17:27 of 1st period - Lars Eller wins face-off versus Tyler Bozak in DETROIT Red Wings zone.
17:36 of 1st period - Shot by Nick Leddy.
17:36 of 1st period - Stopped by Carey Price with a rebound.
17:38 of 1st period - Shot by Nick Leddy.
17:38 of 1st period - Stopped by Carey Price without a rebound.
17:39 of 1st period - Lars Eller wins face-off versus Kyle Turris in DETROIT Red Wings zone.
19:06 of 1st period - Off-side.
19:07 of 1st period - Lars Eller wins face-off versus Nikolaj Ehlers in neutral zone.
19:29 of 1st period - Shot by Evgeny Kuznetsov.
19:29 of 1st period - Shot Blocked by Nick Leddy.
19:39 of 1st period - Shot by Stefan Noesen.
19:39 of 1st period - Deflect By Brett Ritchie.
19:39 of 1st period - Stopped by Carey Price without a rebound.
19:40 of 1st period - Mark Jankowski wins face-off versus Sidney Crosby in DETROIT Red Wings zone.
Goals for this period are 1 for DETROIT Red Wings vs 2 for TORONTO Maple Leafs.
Shots for this period are 6 for DETROIT Red Wings vs 11 for TORONTO Maple Leafs.

2nd period


0:01 of 2nd period - Ryan O'Reilly wins face-off versus Kyle Turris in neutral zone.
0:09 of 2nd period - Shot by Jason Zucker.
0:09 of 2nd period - Stopped by Carey Price with a rebound.
0:35 of 2nd period - Shot by Ryan O'Reilly.
0:35 of 2nd period - Shot Misses the Net.
0:37 of 2nd period - Shot by Ryan O'Reilly.
0:37 of 2nd period - Stopped by Roberto Luongo without a rebound.
0:38 of 2nd period - Tyler Bozak wins face-off versus Alexander Wennberg in TORONTO Maple Leafs zone.
3:00 of 2nd period - Shot by Nikolaj Ehlers.
3:00 of 2nd period - Shot Misses the Net.
3:08 of 2nd period - Shot by Ryan O'Reilly.
3:08 of 2nd period - Shot Misses the Net.
3:13 of 2nd period - Nikolaj Ehlers is hit by Jeff Petry and loses puck.
3:21 of 2nd period - Minor Penalty to Evgeny Kuznetsov for Hooking.
3:22 of 2nd period - Ryan O'Reilly wins face-off versus Tyler Bozak in DETROIT Red Wings zone.
3:22 of 2nd period - Ryan O'Reilly is hit by Corey Perry.
3:29 of 2nd period - Icing by Kris Letang.
3:30 of 2nd period - Tyler Bozak wins face-off versus Ryan O'Reilly in TORONTO Maple Leafs zone.
3:30 of 2nd period - Tyler Bozak is hit by Zach Hyman.
4:29 of 2nd period - Icing by Ben Chiarot.
4:30 of 2nd period - Ryan O'Reilly wins face-off versus Kyle Turris in TORONTO Maple Leafs zone.
4:53 of 2nd period - Shot by Nikolaj Ehlers.
4:53 of 2nd period - Goal by Nikolaj Ehlers - DETROIT Red Wings : 1 - TORONTO Maple Leafs : 3.
4:54 of 2nd period - Mark Jankowski wins face-off versus Derek MacKenzie in neutral zone.
5:17 of 2nd period - Shot by Mark Jankowski.
5:17 of 2nd period - Stopped by Carey Price with a rebound.
5:19 of 2nd period - Shot by Andrej Sekera.
5:19 of 2nd period - Stopped by Carey Price without a rebound.
5:20 of 2nd period - Sidney Crosby wins face-off versus Kyle Turris in DETROIT Red Wings zone.
7:01 of 2nd period - Icing by Kris Letang.
7:02 of 2nd period - Tyler Bozak wins face-off versus Lars Eller in TORONTO Maple Leafs zone.
7:02 of 2nd period - Tyler Bozak is hit by Zach Hyman.
7:05 of 2nd period - Kris Letang is hit by Micheal Ferland and loses puck.
7:27 of 2nd period - Off-side.
7:28 of 2nd period - Jussi Jokinen wins face-off versus Alexander Wennberg in neutral zone.
8:00 of 2nd period - Shot by Timo Meier.
8:00 of 2nd period - Goal by Timo Meier - DETROIT Red Wings : 1 - TORONTO Maple Leafs : 4.
8:01 of 2nd period - Kyle Turris wins face-off versus Evgeny Kuznetsov in neutral zone.
8:20 of 2nd period - Shot by Evgeny Kuznetsov.
8:20 of 2nd period - Deflect By Evander Kane.
8:20 of 2nd period - Stopped by Roberto Luongo without a rebound.
8:21 of 2nd period - Mark Jankowski wins face-off versus Micheal Ferland in TORONTO Maple Leafs zone.
8:21 of 2nd period - Mark Jankowski is hit by Micheal Ferland.
8:30 of 2nd period - Micheal Ferland is hit by Kris Letang.
8:38 of 2nd period - Shot by Lars Eller.
8:38 of 2nd period - Shot Misses the Net.
9:01 of 2nd period - Erik Karlsson is hit by Kris Letang and loses puck.
9:20 of 2nd period - Shot by Evander Kane.
9:20 of 2nd period - Stopped by Roberto Luongo without a rebound.
9:21 of 2nd period - Kyle Turris wins face-off versus Sidney Crosby in TORONTO Maple Leafs zone.
9:25 of 2nd period - Icing by Nikolaj Ehlers.
9:26 of 2nd period - Evgeny Kuznetsov wins face-off versus Kyle Turris in TORONTO Maple Leafs zone.
9:39 of 2nd period - Shot by Ryan O'Reilly.
9:39 of 2nd period - Stopped by Roberto Luongo with a rebound.
9:41 of 2nd period - Shot by Jeff Petry.
9:41 of 2nd period - Shot Misses the Net.
9:43 of 2nd period - Shot by Ryan O'Reilly.
9:43 of 2nd period - Deflect By Evgeny Kuznetsov.
9:43 of 2nd period - Stopped by Roberto Luongo with a rebound.
10:01 of 2nd period - Patrik Nemeth is hit by Evander Kane and loses puck.
10:08 of 2nd period - Shot by Evgeny Kuznetsov.
10:08 of 2nd period - Shot Misses the Net.
10:10 of 2nd period - Shot by Ryan O'Reilly.
10:10 of 2nd period - Shot Hit the Post.
10:12 of 2nd period - Shot by Evander Kane.
10:12 of 2nd period - Shot Blocked by Patrik Nemeth.
10:30 of 2nd period - Shot by T.J. Oshie.
10:30 of 2nd period - Stopped by Roberto Luongo without a rebound.
10:31 of 2nd period - Lars Eller wins face-off versus Tyler Bozak in TORONTO Maple Leafs zone.
10:31 of 2nd period - Zach Hyman is hit by Kris Letang and loses puck.
10:35 of 2nd period - Icing by Corey Perry.
10:36 of 2nd period - Tyler Bozak wins face-off versus Sidney Crosby in TORONTO Maple Leafs zone.
11:49 of 2nd period - Icing by Alexander Wennberg.
11:50 of 2nd period - Sidney Crosby wins face-off versus Kyle Turris in DETROIT Red Wings zone.
12:08 of 2nd period - Icing by Nick Leddy.
12:09 of 2nd period - Lars Eller wins face-off versus Kyle Turris in TORONTO Maple Leafs zone.
12:25 of 2nd period - Shot by Jason Zucker.
12:25 of 2nd period - Goal by Jason Zucker - DETROIT Red Wings : 1 - TORONTO Maple Leafs : 5.
12:25 of 2nd period - Aaron Dell enters game.
12:26 of 2nd period - Tyler Bozak wins face-off versus Evgeny Kuznetsov in neutral zone.
12:33 of 2nd period - Shot by Corey Perry.
12:33 of 2nd period - Shot Misses the Net.
13:01 of 2nd period - Shot by Colin Wilson.
13:01 of 2nd period - Stopped by Aaron Dell without a rebound.
13:02 of 2nd period - Micheal Ferland wins face-off versus Kyle Turris in DETROIT Red Wings zone.
13:40 of 2nd period - Shot by Kyle Turris.
13:40 of 2nd period - Stopped by Aaron Dell without a rebound.
13:40 of 2nd period - Minor Penalty to Aaron Dell for Delaying the game.
13:41 of 2nd period - Tyler Bozak wins face-off versus Ryan O'Reilly in DETROIT Red Wings zone.
13:50 of 2nd period - Shot by Kris Letang.
13:50 of 2nd period - Shot Misses the Net.
13:52 of 2nd period - Shot by Julius Honka.
13:52 of 2nd period - Stopped by Aaron Dell without a rebound.
13:53 of 2nd period - Ryan O'Reilly wins face-off versus Tyler Bozak in DETROIT Red Wings zone.
14:43 of 2nd period - Shot by Kris Letang.
14:43 of 2nd period - Stopped by Aaron Dell without a rebound.
14:44 of 2nd period - Kyle Turris wins face-off versus Ryan O'Reilly in DETROIT Red Wings zone.
14:54 of 2nd period - Austin Watson is hit by Jeff Petry and loses puck.
15:05 of 2nd period - Shot by Kyle Turris.
15:05 of 2nd period - Shot Blocked by Ryan O'Reilly.
15:07 of 2nd period - Shot by Kris Letang.
15:07 of 2nd period - Shot Misses the Net.
15:09 of 2nd period - Shot by Kyle Turris.
15:09 of 2nd period - Shot Misses the Net.
15:11 of 2nd period - Shot by Nikolaj Ehlers.
15:11 of 2nd period - Shot Misses the Net.
15:13 of 2nd period - Shot by Kris Letang.
15:13 of 2nd period - Shot Blocked by Cam Fowler.
15:15 of 2nd period - Shot by Nikolaj Ehlers.
15:15 of 2nd period - Stopped by Aaron Dell without a rebound.
15:16 of 2nd period - Evgeny Kuznetsov wins face-off versus Tyler Bozak in DETROIT Red Wings zone.
15:55 of 2nd period - Shot by Stefan Noesen.
15:55 of 2nd period - Shot Blocked by Cam Fowler.
15:58 of 2nd period - Icing by Cam Fowler.
15:59 of 2nd period - Kyle Turris wins face-off versus Sidney Crosby in DETROIT Red Wings zone.
15:59 of 2nd period - Jason Zucker is hit by Cam Fowler and loses puck.
17:10 of 2nd period - Kris Letang is hit by T.J. Oshie and loses puck.
17:42 of 2nd period - Shot by Ryan O'Reilly.
17:42 of 2nd period - Shot Misses the Net.
18:12 of 2nd period - Off-side.
18:13 of 2nd period - Kyle Turris wins face-off versus Lars Eller in neutral zone.
18:21 of 2nd period - Micheal Ferland is hit by Nick Leddy and loses puck.
18:38 of 2nd period - Shot by Zach Hyman.
18:38 of 2nd period - Shot Misses the Net.
18:39 of 2nd period - Minor Penalty to Patrik Nemeth for Hooking.
18:40 of 2nd period - Evgeny Kuznetsov wins face-off versus Austin Watson in TORONTO Maple Leafs zone.
19:09 of 2nd period - Shot by Evgeny Kuznetsov.
19:09 of 2nd period - Stopped by Roberto Luongo without a rebound.
19:10 of 2nd period - Sidney Crosby wins face-off versus Austin Watson in TORONTO Maple Leafs zone.
19:21 of 2nd period - Shot by Alexander Wennberg.
19:21 of 2nd period - Shot Misses the Net.
19:27 of 2nd period - Shot by Sidney Crosby.
19:27 of 2nd period - Stopped by Roberto Luongo without a rebound.
19:28 of 2nd period - Sidney Crosby wins face-off versus Kyle Turris in TORONTO Maple Leafs zone.
19:33 of 2nd period - Shot by Jeff Petry.
19:33 of 2nd period - Shot Misses the Net.
19:35 of 2nd period - Shot by Jeff Petry.
19:35 of 2nd period - Stopped by Roberto Luongo with a rebound.
Goals for this period are 0 for DETROIT Red Wings vs 3 for TORONTO Maple Leafs.
Shots for this period are 9 for DETROIT Red Wings vs 11 for TORONTO Maple Leafs.

3rd period


0:01 of 3rd period - Austin Watson wins face-off versus Sidney Crosby in neutral zone.
0:04 of 3rd period - Shot by Andrej Sekera.
0:04 of 3rd period - Stopped by Aaron Dell without a rebound.
0:05 of 3rd period - Sidney Crosby wins face-off versus Austin Watson in DETROIT Red Wings zone.
0:22 of 3rd period - Shot by Erik Karlsson.
0:22 of 3rd period - Goal by Erik Karlsson - DETROIT Red Wings : 2 - TORONTO Maple Leafs : 5.
0:23 of 3rd period - Tyler Bozak wins face-off versus Evgeny Kuznetsov in neutral zone.
0:26 of 3rd period - Evander Kane is hit by Corey Perry and loses puck.
0:37 of 3rd period - Shot by Corey Perry.
0:37 of 3rd period - Shot Blocked by Jeff Petry.
0:55 of 3rd period - Shot by Ryan O'Reilly.
0:55 of 3rd period - Shot Misses the Net.
1:18 of 3rd period - Evgeny Kuznetsov is hit by Jason Zucker and loses puck.
1:35 of 3rd period - Shot by Kyle Turris.
1:35 of 3rd period - Shot Misses the Net.
1:37 of 3rd period - Shot by Andrej Sekera.
1:37 of 3rd period - Stopped by Aaron Dell with a rebound.
1:59 of 3rd period - Kris Letang is hit by Evander Kane and loses puck.
3:38 of 3rd period - Shot by Colin Wilson.
3:38 of 3rd period - Shot Misses the Net.
3:40 of 3rd period - Shot by Tyler Bozak.
3:40 of 3rd period - Stopped by Aaron Dell without a rebound.
3:41 of 3rd period - Mark Jankowski wins face-off versus Derek MacKenzie in DETROIT Red Wings zone.
4:14 of 3rd period - Icing by Jan Rutta.
4:15 of 3rd period - Kyle Turris wins face-off versus Derek MacKenzie in DETROIT Red Wings zone.
4:48 of 3rd period - Shot by Nikolaj Ehlers.
4:48 of 3rd period - Stopped by Aaron Dell without a rebound.
4:49 of 3rd period - Alexander Wennberg wins face-off versus Tyler Bozak in DETROIT Red Wings zone.
4:58 of 3rd period - Patrik Nemeth is hit by Sidney Crosby and loses puck.
5:21 of 3rd period - Shot by Tyler Bozak.
5:21 of 3rd period - Stopped by Aaron Dell without a rebound.
5:22 of 3rd period - Kyle Turris wins face-off versus Evgeny Kuznetsov in DETROIT Red Wings zone.
5:26 of 3rd period - Kyle Turris is hit by Shayne Gostisbehere.
5:35 of 3rd period - Nikolaj Ehlers is hit by Jeff Petry and loses puck.
5:40 of 3rd period - Shot by Kyle Turris.
5:40 of 3rd period - Shot Blocked by Evander Kane.
5:41 of 3rd period - Minor Penalty to Jeff Petry for Holding.
5:42 of 3rd period - Austin Watson wins face-off versus Ryan O'Reilly in DETROIT Red Wings zone.
7:03 of 3rd period - Lars Eller is hit by Corey Perry and loses puck.
7:08 of 3rd period - Shot by Kris Letang.
7:08 of 3rd period - Stopped by Aaron Dell without a rebound.
7:09 of 3rd period - Ryan O'Reilly wins face-off versus Austin Watson in DETROIT Red Wings zone.
7:32 of 3rd period - Shot by Nikolaj Ehlers.
7:32 of 3rd period - Stopped by Aaron Dell without a rebound.
7:33 of 3rd period - Tyler Bozak wins face-off versus Derek MacKenzie in DETROIT Red Wings zone.
7:46 of 3rd period - Icing by Shayne Gostisbehere.
7:47 of 3rd period - Sidney Crosby wins face-off versus Mark Jankowski in DETROIT Red Wings zone.
7:47 of 3rd period - Sidney Crosby is hit by Stefan Noesen.
7:52 of 3rd period - Minor Penalty to T.J. Oshie for Goalie Interference.
7:53 of 3rd period - Ryan O'Reilly wins face-off versus Corey Perry in DETROIT Red Wings zone.
8:00 of 3rd period - Shot by Nick Leddy.
8:00 of 3rd period - Shot Misses the Net.
8:02 of 3rd period - Shot by Ben Chiarot.
8:02 of 3rd period - Shot Misses the Net.
8:59 of 3rd period - Off-side.
9:00 of 3rd period - Kyle Turris wins face-off versus Derek MacKenzie in neutral zone.
9:09 of 3rd period - Shot by Austin Watson.
9:09 of 3rd period - Stopped by Aaron Dell without a rebound.
9:10 of 3rd period - Kyle Turris wins face-off versus Ryan O'Reilly in DETROIT Red Wings zone.
9:21 of 3rd period - Shot by Kyle Turris.
9:21 of 3rd period - Shot Blocked by Jan Rutta.
9:23 of 3rd period - Shot by Kyle Turris.
9:23 of 3rd period - Stopped by Aaron Dell without a rebound.
9:24 of 3rd period - Kyle Turris wins face-off versus Ryan O'Reilly in DETROIT Red Wings zone.
9:35 of 3rd period - Shot by Kyle Turris.
9:35 of 3rd period - Deflect By Nikolaj Ehlers.
9:35 of 3rd period - Shot Misses the Net.
9:57 of 3rd period - Sidney Crosby is hit by Kris Letang and loses puck.
10:00 of 3rd period - Shot by Cam Fowler.
10:00 of 3rd period - Shot Blocked by Andrej Sekera.
10:02 of 3rd period - Shot by Alexander Wennberg.
10:02 of 3rd period - Shot Hit the Post.
10:04 of 3rd period - Shot by T.J. Oshie.
10:04 of 3rd period - Shot Misses the Net.
10:14 of 3rd period - Shot by Alexander Wennberg.
10:14 of 3rd period - Goal by Alexander Wennberg - DETROIT Red Wings : 3 - TORONTO Maple Leafs : 5.
10:15 of 3rd period - Derek MacKenzie wins face-off versus Mark Jankowski in neutral zone.
10:28 of 3rd period - Shot by Brian Gibbons.
10:28 of 3rd period - Stopped by Roberto Luongo without a rebound.
10:29 of 3rd period - Sidney Crosby wins face-off versus Kyle Turris in TORONTO Maple Leafs zone.
10:46 of 3rd period - Shot by T.J. Oshie.
10:46 of 3rd period - Shot Misses the Net.
10:48 of 3rd period - Shot by T.J. Oshie.
10:48 of 3rd period - Stopped by Roberto Luongo without a rebound.
10:49 of 3rd period - Tyler Bozak wins face-off versus Evgeny Kuznetsov in TORONTO Maple Leafs zone.
10:49 of 3rd period - Tyler Bozak is hit by Evander Kane.
10:57 of 3rd period - Shot by Tyler Bozak.
10:57 of 3rd period - Stopped by Aaron Dell with a rebound.
12:27 of 3rd period - Shot by Jason Zucker.
12:27 of 3rd period - Stopped by Aaron Dell without a rebound.
12:28 of 3rd period - Jussi Jokinen wins face-off versus Sidney Crosby in DETROIT Red Wings zone.
12:36 of 3rd period - Minor Penalty to Austin Watson for High sticking.
12:37 of 3rd period - Sidney Crosby wins face-off versus Timo Meier in TORONTO Maple Leafs zone.
12:38 of 3rd period - Shot by Jeff Petry.
12:38 of 3rd period - Stopped by Roberto Luongo without a rebound.
12:39 of 3rd period - Sidney Crosby wins face-off versus Timo Meier in TORONTO Maple Leafs zone.
12:54 of 3rd period - Shot by Jeff Petry.
12:54 of 3rd period - Stopped by Roberto Luongo with a rebound.
12:56 of 3rd period - Shot by Jeff Petry.
12:56 of 3rd period - Stopped by Roberto Luongo without a rebound.
12:57 of 3rd period - Alexander Wennberg wins face-off versus Timo Meier in TORONTO Maple Leafs zone.
13:00 of 3rd period - Shot by T.J. Oshie.
13:00 of 3rd period - Stopped by Roberto Luongo without a rebound.
13:01 of 3rd period - Timo Meier wins face-off versus Sidney Crosby in TORONTO Maple Leafs zone.
13:01 of 3rd period - Timo Meier is hit by T.J. Oshie.
13:10 of 3rd period - Icing by T.J. Oshie.
13:11 of 3rd period - Sidney Crosby wins face-off versus Timo Meier in DETROIT Red Wings zone.
13:11 of 3rd period - Sidney Crosby is hit by Nikolaj Ehlers.
13:29 of 3rd period - Shot by Jeff Petry.
13:29 of 3rd period - Stopped by Roberto Luongo with a rebound.
13:31 of 3rd period - Shot by T.J. Oshie.
13:31 of 3rd period - Deflect By Alexander Wennberg.
13:31 of 3rd period - Stopped by Roberto Luongo without a rebound.
13:32 of 3rd period - Evgeny Kuznetsov wins face-off versus Timo Meier in TORONTO Maple Leafs zone.
13:33 of 3rd period - Shot by Erik Karlsson.
13:33 of 3rd period - Stopped by Roberto Luongo with a rebound.
13:35 of 3rd period - Shot by Ryan O'Reilly.
13:35 of 3rd period - Shot Blocked by Nick Leddy.
13:37 of 3rd period - Shot by Erik Karlsson.
13:37 of 3rd period - Stopped by Roberto Luongo with a rebound.
13:39 of 3rd period - Shot by Evgeny Kuznetsov.
13:39 of 3rd period - Shot Misses the Net.
14:11 of 3rd period - Shot by Erik Karlsson.
14:11 of 3rd period - Stopped by Roberto Luongo without a rebound.
14:12 of 3rd period - Sidney Crosby wins face-off versus Timo Meier in TORONTO Maple Leafs zone.
14:12 of 3rd period - Sidney Crosby is hit by Ben Chiarot.
14:27 of 3rd period - T.J. Oshie is hit by Ben Chiarot and loses puck.
15:02 of 3rd period - Shot by Micheal Ferland.
15:02 of 3rd period - Shot Misses the Net.
15:08 of 3rd period - Shot by Jan Rutta.
15:08 of 3rd period - Shot Misses the Net.
15:10 of 3rd period - Shot by Lars Eller.
15:10 of 3rd period - Shot Blocked by Corey Perry.
15:12 of 3rd period - Shot by Lars Eller.
15:12 of 3rd period - Shot Blocked by Kris Letang.
15:16 of 3rd period - Shot by Lars Eller.
15:16 of 3rd period - Stopped by Roberto Luongo without a rebound.
15:17 of 3rd period - Sidney Crosby wins face-off versus Mark Jankowski in TORONTO Maple Leafs zone.
15:48 of 3rd period - Cam Fowler is hit by Brett Ritchie and loses puck.
15:58 of 3rd period - T.J. Oshie is hit by Nick Leddy.
16:56 of 3rd period - Shot by Ryan O'Reilly.
16:56 of 3rd period - Deflect By Evander Kane.
16:56 of 3rd period - Stopped by Roberto Luongo with a rebound.
17:02 of 3rd period - Shot by Evgeny Kuznetsov.
17:02 of 3rd period - Stopped by Roberto Luongo with a rebound.
17:04 of 3rd period - Shot by Ryan O'Reilly.
17:04 of 3rd period - Stopped by Roberto Luongo without a rebound.
17:05 of 3rd period - Colin Wilson wins face-off versus Lars Eller in TORONTO Maple Leafs zone.
17:05 of 3rd period - Colin Wilson is hit by Micheal Ferland.
17:19 of 3rd period - Shot by Corey Perry.
17:19 of 3rd period - Shot Misses the Net.
17:21 of 3rd period - Shot by Andrej Sekera.
17:21 of 3rd period - Stopped by Aaron Dell without a rebound.
17:22 of 3rd period - Jussi Jokinen wins face-off versus Derek MacKenzie in DETROIT Red Wings zone.
18:26 of 3rd period - Shot by Tyler Bozak.
18:26 of 3rd period - Deflect By Corey Perry.
18:26 of 3rd period - Shot Misses the Net.
18:29 of 3rd period - Icing by Cam Fowler.
18:30 of 3rd period - Derek MacKenzie wins face-off versus Kyle Turris in DETROIT Red Wings zone.
19:41 of 3rd period - Andrej Sekera is hit by Zach Hyman and loses puck.
Goals for this period are 2 for DETROIT Red Wings vs 0 for TORONTO Maple Leafs.
Shots for this period are 17 for DETROIT Red Wings vs 12 for TORONTO Maple Leafs.